 Dungeon Crawl Stone Soup version 0.29.1-1-gd02db6906a (webtiles) character file.

Game seed: 2248062695959009464

116 hikkokomori the Trooper (level 5, -2/33 HPs)
             Began as a Gargoyle Fighter on Oct 6, 2022.
             Slain by an iguana (8 damage)
             ... on level 5 of the Dungeon.
             The game lasted 00:04:46 (3386 turns).

hikkokomori the Trooper (Gargoyle Fighter)          Turns: 3386, Time: 00:04:46

Health: -2/33      AC: 13    Str: 19    XL:     5   Next: 1%
Magic:  14/14      EV:  9    Int: 11    God:
Gold:   222        SH:  9    Dex:  9    Spells: 4/4 levels left

rFire   . . .      SeeInvis .   D - +2 demon blade (venom)
rCold   . . .      Faith    .   c - +0 buckler
rNeg    + . .      Spirit   .   b - +0 scale mail
rPois   ∞          Reflect  +   x - +0 helmet
rElec   +          Harm     .   A - +0 cloak
rCorr   .          Rampage  .   (no gloves)
Will    .....                   (no boots)
Stlth   ..........              l - amulet of reflection
HPRegen 0.11/turn               h - ring of magical power
MPRegen 0.14/turn               (no ring)

@: no status effects
A: sickness immunity, AC +4, negative energy resistance 1, electricity
resistance, torment resistance 1, petrification resistance
a: no special abilities


You were on level 5 of the Dungeon.
You visited 1 branch of the dungeon, and saw 5 of its levels.

You collected 222 gold pieces.

Inventory:

Hand Weapons
 a - a +0 flail
 o - a +0 hand axe of electrocution
 D - a +2 demon blade of venom (weapon)
Missiles
 p - a silver boomerang (quivered)
Armour
 b - a +0 scale mail (worn)
 c - a +0 buckler (worn)
 x - a +0 helmet (worn)
 A - a +0 cloak (worn)
Jewellery
 h - a ring of magical power (left hand)
 l - an amulet of reflection (around neck)
 B - a ring of flight
 E - a ring of magical power
Scrolls
 e - a scroll of enchant weapon {unknown}
 f - 6 scrolls of identify {unknown}
 i - a scroll of poison {unknown}
 k - a scroll of magic mapping {unknown}
 n - 2 scrolls of immolation {unknown}
 q - a scroll of torment {unknown}
 r - a scroll of fear {unknown}
 u - a scroll of amnesia {unknown}
 v - a scroll of teleportation {unknown}
 y - a scroll of vulnerability {unknown}
Potions
 d - 3 potions of might
 g - 2 potions of attraction {unknown}
 j - a potion of flight {unknown}
 m - 2 potions of haste {unknown}
 s - a potion of cancellation {unknown}
 t - a potion of curing {unknown}
 w - a potion of resistance {unknown}
 z - a potion of degeneration {unknown}
 C - a potion of lignification {unknown}


   Skills:
 + Level 4.1 Fighting
 + Level 0.0 Long Blades
 - Level 3.0 Maces & Flails
 + Level 4.1 Armour
 + Level 4.1 Shields


You had 4 spell levels left.
You didn't know any spells.
Your spell library was empty.

Dungeon Overview and Level Annotations

Branches:
Dungeon (5/15)
 Temple: D:4-7

Altars:
Makhleb

Annotations:
D:4 2 runed translucent doors, Icepheonix32's ghost, amateur MfTm


Innate Abilities, Weirdness & Mutations

You are immune to sickness and miasma.
Your stone body is resilient. (AC +4)
You are immune to poison.
You resist negative energy. (rN+)
You are resistant to electric shocks. (rElec)
You are resistant to unholy torment.
You are immune to petrification.


Message History

You hit the iguana but do no damage. The orc hits you but does no damage.
You block the iguana's attack. The iguana barely misses you.
The orc barely misses you.
You closely miss the iguana. You block the iguana's attack.
The orc hits you but does no damage.
You completely miss the orc. The iguana closely misses you.
You block the orc's attack.
Unknown command.
You barely miss the orc. The orc hits you but does no damage.
The iguana bites you! You block the iguana's attack.
The orc hits you but does no damage.
Unknown command.
You slash the orc!
You kill the orc!
The iguana closely misses you.
You have reached level 5!
You barely miss the iguana. The iguana bites you.
Unknown command.
You closely miss the iguana. You block the iguana's attack.
The iguana bites you but does no damage.
Unknown command.
You hit the iguana.
The iguana is poisoned.
The iguana is lightly wounded.
The iguana bites you!
* * * LOW HITPOINT WARNING * * *
Unknown command.
You hit the iguana.
The iguana is heavily wounded.
The iguana bites you.
* * * LOW HITPOINT WARNING * * *
Unknown command.
You hit the iguana.
The iguana is heavily wounded.
The iguana bites you but does no damage.
You block the iguana's attack.
Unknown command.
You barely miss the iguana.
The iguana is severely wounded.
The iguana bites you!
You die...

#.....##.[...#.
..............!
......?........
...............
..........?....
...............
.......l.......
.$.....@.......
........).....#
#.....##......#
###### ##....#
#####


You could see an iguana (poisoned).

Vanquished Creatures
  4 adders
  5 dart slugs
  12 orcs
  6 endoplasms
  4 giant cockroaches
  4 hobgoblins
  3 jackals (D:2)
  2 quokkas (D:4)
  2 ball pythons
  2 bats
  2 frilled lizards
  4 goblins
  3 kobolds
  3 rats
56 creatures vanquished.

Vanquished Creatures (others)
  2 plants (D:2)
2 creatures vanquished.

Grand Total: 58 creatures vanquished

Notes
Turn   | Place    | Note
-------+----------+-------------------------------------------
     0 | D:1      | hikkokomori the Gargoyle Fighter began the quest for the
                  | Orb.
     0 | D:1      | Reached XP level 1. HP: 14/14 MP: 1/1
   142 | D:1      | Reached XP level 2. HP: 4/19 MP: 2/2
   770 | D:2      | Found a burning altar of Makhleb.
   839 | D:2      | Reached XP level 3. HP: 23/23 MP: 3/3
  1562 | D:3      | Reached XP level 4. HP: 29/29 MP: 4/4
  1981 | D:3      | Found a faded altar of an unknown god.
  2261 | D:4      | Found a runed translucent door.
  2879 | D:4      | Found a runed translucent door.
  2881 | D:4      | Noticed Icepheonix32's ghost (amateur MfTm)
  3359 | D:5      | Entered Level 5 of the Dungeon
  3381 | D:5      | Reached XP level 5. HP: 17/33 MP: 5/5
  3386 | D:5      | Slain by an iguana

Illustrated notes

Levels and vault maps discovered:
D:1:      dpeg_arrival_tiny_a, layout_basic
D:2:      layout_basic, serial_forest, infiniplex_forest_straight_3,
          infiniplex_forest_clump_small, infiniplex_forest_zigzag_2,
          infiniplex_forest_end_1, infiniplex_forest_corner_1,
          infiniplex_forest_side_room, infiniplex_forest_clump_double,
          infiniplex_forest_zigzag_2, infiniplex_forest_lined_2, basic_altar
D:3:      kennysheep_slugbush, layout_loops_ring,
          shapermc_ecumenical_altar_notcrosses, mrwooster_statue_mirror
D:4:      layout_cave_pods, ebering_ghost_sewer_f
D:5:      layout_rooms, mainiacjoe_overflow_cross_hatched

Skill      XL: |  1  2  3  4 |
---------------+-------------+-----
Fighting       | 4 |  4.1
Shields        | 4 |  4.1
Armour         | 4 |  4.1
Maces & Flails | 3 |  3.0

Action                   |  1- 3 |  4- 6 || total
-------------------------+-------+-------++-------
Melee: Flail             |   103 |    94 ||   197
       Demon blade       |       |    17 ||    17
Armor: Scale mail        |    62 |    49 ||   111
Dodge: Dodged            |    60 |    47 ||   107
Block: Buckler           |    51 |    59 ||   110
       Reflection        |     9 |     4 ||    13
